Map: World of Sleepers LE

Players

NoStormPls - Winner!

  • Race: Terran Terran
  • League: Gold
  • Spawn Location: 1:00

Pinkomme

  • Race: Protoss Protoss
  • League: Platinum
  • Spawn Location: 7:00

VOD

Have the link to the VOD?

Description

Time

  • Played on: Sept. 1, 2019, 12:55 p.m.
  • Length: 19:47
Show
View Real Time Build Order
Export as new Build Order

NoStormPls Terran - Winner!

Build Orders: Cyclone Opening 

Get SALT Encoding   

  12  0:00  SCV  
  13  0:13  SCV  
  14  0:18  Supply Depot  
  14  0:25  SCV  
  15  0:30  Refinery  
  15  0:40  SCV  
  16  0:50  Barracks  
  16  0:58  SCV  
  17  1:10  SCV  
  18  1:22  SCV  
  19  1:37  Marine  
  19  1:38  Orbital Command  
  20  1:44  Factory  
  20  1:51  Refinery  
  20  1:53  Supply Depot  
  20  1:56  Barracks Tech Lab  
  20  2:07  SCV  
  21  2:24  Command Center  
  21  2:35  Cyclone  
  24  2:38  SCV  
  25  2:48  Starport  
  25  2:51  SCV  
  26  3:02  Barracks Reactor  
  26  3:03  SCV  
  27  3:16  SCV  
  28  3:21  Siege Tank  
  31  3:27  Supply Depot  
  31  3:35  SCV  
  31  3:37  Factory, Starport Tech Lab  
  31  3:39  Orbital Command  
  32  3:48  SCV  
  33  3:50  Refinery  
  33  4:00  SCV  
  34  4:03  Engineering Bay  
  34  4:06  SCV  
  35  4:11  Refinery  
  35  4:12  SCV  
  36  4:18  Siege Tank, SCV  
  40  4:24  SCV  
  40  4:31  SCV  
  42  4:36  Raven, SCV  
  45  4:43  SCV  
  45  4:45  Missile Turret  
  46  4:48  SCV  
  46  4:52  Missile Turret  
  47  4:55  SCV  
  48  5:00  SCV  
  49  5:07  SCV  
  49  5:09  Missile Turret  
  49  5:10  Supply Depot, Siege Tank  
  49  5:13  Supply Depot, SCV  
  54  5:31  SCV x2  
  54  5:32  Missile Turret, Hellion x2  
  60  5:42  Supply Depot, Siege Tank  
  63  5:43  SCV x2  
  63  5:44  Supply Depot  
  65  5:55  SCV  
  66  6:03  Siege Tank  
  69  6:04  Supply Depot  
  69  6:06  Viking x2  
  69  6:07  Supply Depot  
  69  6:09  SCV  
  74  6:12  SCV  
  75  6:35  Siege Tank  
  75  6:36  Viking  
  75  6:39  Siege Tank  
  83  6:41  Viking  
  85  6:57  Command Center, SCV  
  85  6:58  SCV  
  87  7:04  Command Center  
  87  7:07  Siege Tank  
  90  7:11  Siege Tank, Viking x2  
  97  7:15  Infernal Pre-Igniter  
  97  7:22  Armory  
  97  7:33  SCV  
  97  7:34  SCV  
  99  7:39  Siege Tank  
  102  7:44  Command Center  
  102  7:54  Supply Depot  
  102  7:55  Supply Depot  
  102  7:56  Supply Depot, SCV  
  103  8:02  Marine  
  104  8:07  Neosteel Armor  
  104  8:08  Armory  
  104  8:13  Terran Vehicle And Ship Armor Level 1  
  104  8:16  Siege Tank x2  
  110  8:22  SCV x2  
  110  8:24  Orbital Command  
  112  8:32  Viking  
  112  8:34  SCV  
  115  8:50  Supply Depot x2  
  115  8:52  Thor  
  121  8:58  Orbital Command  
  121  9:12  Supply Depot  
  121  9:13  Thor  
  121  9:14  Supply Depot  
  127  9:26  Smart Servos  
  127  9:32  Refinery, SCV x4  
  127  9:33  Refinery  
  127  9:35  Thor  
  127  9:37  Terran Vehicle Weapons Level 1  
  116  10:21  Hellion  
  116  10:22  Hellion  
  116  10:27  Mag-Field Accelerator  
  120  10:28  Terran Vehicle And Ship Armor Level 2  
  120  10:31  SCV  
  120  10:32  Factory x2, SCV x3  
  120  10:34  Factory  
  124  10:43  SCV, Hellion x2  
  124  10:44  SCV x3  
  132  10:50  Orbital Command  
  132  10:56  SCV x3  
  135  11:04  Hellion  
  135  11:05  Hellion  
  135  11:08  SCV  
  140  11:16  SCV  
  140  11:17  SCV x2  
  143  11:20  SCV  
  143  11:24  Factory Tech Lab  
  144  11:25  Factory Reactor x2  
  144  11:26  Factory Reactor, Hellion x2  
  144  11:28  SCV  
  144  11:29  SCV x2  
  144  11:32  SCV  
  148  11:40  SCV  
  148  11:41  SCV  
  152  11:47  Hellion x2  
  154  12:15  Hellbat x3  
  166  12:16  Hellbat x3  
  166  12:19  Terran Vehicle Weapons Level 2  
  166  12:22  Hi-Sec Auto Tracking  
  166  12:27  Thor x2  
  178  12:34  Unknown  
  178  12:35  SCV x2  
  178  12:36  Hellbat  
  192  12:37  Hellbat x5  
  188  12:50  Sensor Tower  
  176  12:58  Hellbat x6  
  182  13:09  Thor  
  182  13:10  Thor  
  189  13:19  Hellbat  
  199  13:20  Hellbat x4  
  199  13:52  Thor  
  111  14:33  Hellion x6  
  116  14:54  Hellion  
  116  14:55  Hellion x11  
  89  15:16  Hellion x6  
  89  15:20  Thor  
  89  15:21  Thor  
  101  15:37  Hellion  
  101  15:38  Hellion x5  
  113  15:49  Viking  
  115  15:50  Viking  
  117  16:03  Thor  
  117  16:04  Thor  
  121  16:19  Viking  
  121  16:20  Viking  
  117  16:36  Hellion  
  117  16:37  Hellion x5  
  121  16:46  Thor x2  
  127  16:49  Viking  
  127  16:50  Viking  
  127  16:52  Terran Vehicle And Ship Armor Level 3  
  127  16:53  Terran Vehicle Weapons Level 3  
  137  16:58  Hellion x6  
  134  17:09  Missile Turret  
  134  17:11  Missile Turret  
  134  17:12  Missile Turret  
  132  17:19  Viking, Hellion  
  132  17:20  Viking, Hellion x5  
  140  17:27  Orbital Command  
  140  17:29  Thor x2  
  150  17:41  Hellion x4  
  162  17:49  Viking  
  162  17:50  Viking  
  162  17:59  Command Center  
  162  18:01  Factory Tech Lab  
  162  18:02  Command Center  
  162  18:12  Thor x2  
  161  18:57  Command Center  
  161  19:00  Thor  
Show
View Real Time Build Order
Export as new Build Order

Pinkomme Protoss 

Build Orders: 1 Gate Expand, Carriers, Chargelot Immortal 

Get SALT Encoding   

  12  0:01  Probe  
  13  0:14  Pylon  
  13  0:15  Probe  
  14  0:23  Probe  
  15  0:37  Gateway, Probe  
  16  0:49  Probe  
  17  1:00  Probe  
  18  1:09  Probe  
  19  1:20  Nexus  
  19  1:25  Probe  
  19  1:32  Assimilator  
  20  1:37  Cybernetics Core  
  20  1:40  Probe  
  21  1:47  Pylon  
  21  1:52  Probe  
  22  1:57  Assimilator  
  24  2:18  Stalker  
  24  2:19  Warp Gate  
  24  2:32  Probe  
  24  2:33  Probe  
  26  2:43  Gateway  
  26  2:49  Probe, Robotics Facility  
  26  2:52  Probe  
  26  2:57  Probe  
  28  3:03  Adept  
  28  3:04  Probe  
  32  3:07  Probe  
  33  3:14  Twilight Council  
  33  3:15  Probe  
  33  3:19  Pylon, Probe  
  35  3:23  Probe  
  35  3:31  Probe x2  
  37  3:35  Immortal  
  37  3:40  Forge  
  38  3:43  Probe  
  38  3:47  Charge  
  43  3:52  Protoss Ground Weapons Level 1  
  43  3:54  Probe  
  43  3:55  Probe  
  45  4:01  Assimilator  
  45  4:09  Gateway  
  45  4:10  Gateway  
  45  4:16  Probe x2  
  47  4:21  Observer  
  48  4:25  Zealot x2  
  52  4:37  Probe x2, Assimilator  
  54  4:56  Gateway, Pylon, Probe  
  54  4:57  Gateway  
  53  5:00  Probe  
  54  5:14  Probe x2  
  54  5:15  Nexus  
  54  5:20  Immortal  
  60  5:23  Zealot  
  62  5:30  Pylon, Blink  
  62  5:38  Pylon x2  
  62  5:51  Forge  
  62  5:55  Gateway  
  62  5:59  Gateway  
  62  6:03  Immortal  
  66  6:09  Templar Archives  
  66  6:14  Stalker x2  
  70  6:24  Protoss Ground Armor Level 1  
  70  6:26  Protoss Ground Weapons Level 2  
  70  6:41  Psionic Storm  
  70  6:43  Probe x3  
  76  6:47  Immortal  
  76  6:55  Probe x3  
  79  7:07  Probe x3  
  82  7:09  Robotics Facility  
  82  7:13  Photon Cannon  
  82  7:19  Probe x3  
  85  7:24  Zealot x2  
  85  7:25  Zealot x2  
  85  7:29  Observer  
  94  7:42  High Templar x2  
  98  7:46  Probe x3  
  101  7:51  Gateway  
  101  7:53  Gateway  
  101  7:57  Pylon  
  101  8:00  Pylon  
  101  8:01  Pylon  
  101  8:03  Pylon  
  101  8:14  Observer  
  101  8:15  Probe x2  
  101  8:16  Observer  
  104  8:22  Zealot x3  
  104  8:23  Zealot x2  
  104  8:24  Zealot  
  104  8:26  Probe  
  117  8:27  Probe x2, High Templar  
  117  8:28  High Templar  
  117  8:30  Immortal  
  127  8:48  Assimilator  
  127  8:50  Assimilator  
  127  9:00  Stargate x2  
  127  9:11  Immortal  
  127  9:14  Nexus  
  127  9:16  Pylon  
  131  9:18  Pylon  
  131  9:19  Zealot  
  131  9:20  Pylon  
  133  9:45  Nexus  
  133  9:48  Pylon  
  133  9:49  Pylon  
  129  9:52  Pylon  
  121  10:06  Observer  
  113  10:09  Zealot  
  113  10:10  Zealot x4  
  113  10:11  Zealot x2  
  119  10:19  Fleet Beacon  
  119  10:22  Pylon  
  119  10:24  Pylon  
  119  10:27  Gateway  
  119  10:30  Gateway  
  119  10:38  Immortal x2, Gateway  
  119  10:40  Protoss Ground Weapons Level 3  
  119  10:41  Gateway  
  127  10:44  Protoss Shields Level 1  
  127  10:49  Carrier x2  
  127  10:58  Mothership  
  146  11:16  Zealot x4  
  146  11:17  Zealot x2  
  158  11:50  Stargate  
  158  12:01  Protoss Air Weapons Level 1  
  158  12:04  Observer  
  150  12:13  Carrier x2  
  162  12:44  Carrier  
  142  13:18  Carrier x2  
  141  13:22  Probe x2  
  141  13:23  Probe  
  156  13:34  Probe  
  156  13:41  Protoss Shields Level 2  
  157  13:43  Stargate  
  157  13:46  Stargate  
  157  13:54  Zealot  
  157  13:55  Zealot x5  
  159  13:56  Zealot x4  
  129  14:15  Zealot  
  129  14:16  Zealot x5  
  129  14:17  Zealot x6  
  131  14:18  Zealot  
  89  14:36  Zealot  
  89  14:37  Zealot x5  
  99  14:39  Zealot  
  99  14:40  Zealot x4  
  99  14:41  Zealot  
  77  15:07  Zealot x4  
  77  15:08  Zealot  
  87  15:17  Carrier x3  
  105  15:22  Probe x2  
  105  15:23  Probe  
  104  15:42  Nexus  
  104  15:46  High Templar x2  
  104  15:47  High Templar x3  
  104  15:48  High Templar  
  116  15:51  Archon x2  
  116  15:52  Archon  
  116  15:58  Carrier  
  104  16:22  Zealot x3  
  99  16:31  Probe x3  
  102  16:33  Carrier  
  101  16:43  Probe x3  
  101  16:46  Probe  
  105  16:55  Probe x3  
  104  17:29  Carrier x2  
  104  17:32  Probe  
  104  17:33  Probe x3  
  104  17:36  Probe  
  121  17:44  Probe  
  121  17:45  Probe x3  
  121  17:48  Probe  
  126  17:55  Assimilator  
  126  17:57  Probe, Assimilator  
  127  18:01  Unknown  
  127  18:07  Carrier  
  127  18:09  Probe  
  134  18:39  Carrier  
  126  18:54  Immortal  
  124  19:05  Unknown  
  124  19:07  Zealot x4  
  124  19:08  Zealot x3  
  132  19:20  Zealot x3  
  132  19:21  Zealot x2  
  142  19:29  Zealot x4  
  142  19:30  Zealot x2  
Tags
 
Add a new tag
Caveats
  • Supply blocks, unpowered buildings, or Contaminate may cause inaccurate times.
  • Supply counts are checked every 10 seconds.